Map: Golden Wall LE

Players

BurningBush

  • Race: Zerg Zerg
  • League: Platinum
  • Spawn Location: 7:00

prospeKt - Winner!

  • Race: Zerg Zerg
  • League: Platinum
  • Spawn Location: 5:00

VOD

Have the link to the VOD?

Description

Time

  • Played on: June 10, 2020, 6:44 p.m.
  • Length: 12:11
Show
View Real Time Build Order
Export as new Build Order

BurningBush Zerg 

Build Orders: Pool First 

Get SALT Encoding   

  12  0:01  Drone  
  13  0:20  Overlord  
  13  0:22  Drone  
  14  0:44  Drone x2  
  14  0:46  Spawning Pool  
  15  0:51  Drone  
  15  0:57  Drone  
  17  1:08  Drone  
  18  1:19  Drone  
  19  1:28  Drone  
  20  1:33  Spine Crawler, Queen  
  20  1:39  Drone  
  22  1:51  Overlord  
  22  1:55  Extractor  
  22  2:01  Drone  
  22  2:03  Extractor  
  21  2:13  Drone  
  22  2:16  Hatchery  
  22  2:21  Drone  
  22  2:43  Evolution Chamber  
  21  2:55  Drone x3  
  24  3:05  Evolution Chamber  
  23  3:06  Overlord  
  23  3:20  Overlord  
  23  3:35  Drone x5  
  23  3:37  Queen  
  23  3:38  Overlord  
  30  3:44  Drone  
  31  3:52  Drone  
  32  4:01  Drone  
  32  4:02  Drone  
  34  4:07  Drone  
  34  4:08  Drone x2  
  34  4:09  Queen  
  39  4:18  Drone x2  
  39  4:22  Drone x2  
  43  4:29  Roach Warren  
  42  4:33  Lair  
  42  4:45  Burrow  
  42  4:53  Zerg Missile Weapons Level 1  
  42  4:54  Zerg Ground Armor Level 1  
  42  4:58  Drone x8  
  50  5:03  Extractor x2  
  50  5:04  Drone  
  49  5:11  Roach  
  49  5:12  Overlord  
  51  5:28  Hatchery  
  50  5:44  Spore Crawler  
  50  5:46  Spore Crawler  
  48  5:53  Roach x6  
  48  5:54  Overlord x2  
  60  6:15  Roach x6  
  72  6:20  Overlord  
  72  6:27  Tunneling Claws  
  72  6:33  Roach  
  74  6:51  Roach x3  
  80  7:29  Roach x5  
  90  7:30  Overlord  
  90  7:38  Overlord  
  90  8:00  Overlord x2, Roach  
  90  8:02  Roach x5  
  102  8:09  Zerg Missile Weapons Level 2  
  102  8:16  Overlord  
  102  8:22  Drone x4  
  102  8:27  Roach x28  
  102  8:39  Drone x8  
  110  9:01  Overlord x2, Drone  
  113  9:02  Roach  
  113  9:03  Roach x3  
  118  9:23  Overlord x2  
  118  9:25  Roach x2  
  118  9:26  Roach x4  
  118  9:29  Extractor  
  129  9:34  Roach  
  129  9:35  Roach x2  
  135  9:39  Pneumatized Carapace  
  135  9:43  Extractor  
  134  9:45  Drone  
  134  9:46  Drone x3  
  138  10:01  Roach x5  
  138  10:02  Roach x2  
  152  10:22  Roach x5  
  152  10:23  Overlord x2  
  162  10:33  Overlord  
  162  10:34  Overlord  
  162  10:48  Roach x8  
  162  10:49  Overlord x2  
  177  10:58  Overlord  
  177  10:59  Overlord  
  156  11:13  Overseer  
  156  11:15  Overseer x2  
  156  11:16  Overseer  
  156  11:17  Roach x2  
  96  11:31  Roach x6  
  96  11:32  Roach x4  
  100  11:39  Overlord  
  90  11:46  Roach  
  90  11:47  Roach  
Show
View Real Time Build Order
Export as new Build Order

prospeKt Zerg - Winner!

Build Orders: Hatch First, Lurkers 

Get SALT Encoding   

  12  0:00  Drone  
  13  0:12  Overlord  
  13  0:20  Drone  
  14  0:31  Drone x2  
  14  0:34  Drone  
  17  0:54  Hatchery  
  17  0:55  Drone  
  17  1:03  Drone  
  18  1:12  Spawning Pool  
  18  1:15  Drone  
  18  1:22  Drone  
  19  1:28  Drone  
  19  1:30  Extractor  
  19  1:38  Drone  
  20  1:49  Drone  
  21  2:04  Overlord  
  21  2:09  Queen x2  
  21  2:10  Drone  
  21  2:14  Drone  
  27  2:19  Drone  
  28  2:23  Drone  
  29  2:30  Drone  
  29  2:34  Spine Crawler, Drone  
  30  2:41  Drone  
  31  2:45  Overlord  
  31  2:51  Drone  
  32  2:56  Drone  
  33  3:01  Lair, Queen  
  33  3:03  Drone  
  36  3:08  Drone  
  37  3:13  Drone  
  37  3:16  Drone  
  39  3:21  Roach Warren  
  39  3:24  Overlord  
  38  3:30  Evolution Chamber  
  38  3:32  Overlord, Extractor  
  36  3:34  Extractor  
  36  3:35  Drone  
  36  3:42  Drone x4  
  36  3:43  Drone x2  
  42  3:58  Drone x2  
  44  4:03  Roach  
  44  4:04  Roach  
  44  4:05  Glial Reconstitution  
  44  4:08  Zerg Missile Weapons Level 1  
  48  4:10  Drone x3  
  48  4:12  Overlord  
  48  4:13  Overlord  
  48  4:17  Drone  
  52  4:33  Zergling x4  
  52  4:34  Roach  
  56  4:46  Drone x7  
  56  4:48  Hatchery  
  56  4:52  Overlord x2  
  62  5:12  Drone x5  
  67  5:18  Drone x2  
  69  5:23  Queen  
  71  5:37  Hydralisk Den, Drone x2, Extractor  
  71  5:38  Drone  
  71  5:41  Drone  
  73  5:47  Drone  
  73  5:49  Overlord x2  
  74  5:57  Drone x5  
  74  6:00  Drone  
  79  6:05  Overseer  
  79  6:11  Roach x2  
  79  6:12  Roach  
  79  6:18  Extractor x2  
  83  6:21  Drone x5  
  88  6:31  Hatchery  
  87  6:34  Drone x4  
  91  6:49  Drone x8  
  99  6:55  Spine Crawler  
  99  6:57  Roach  
  99  6:59  Grooved Spines  
  100  7:04  Roach  
  100  7:05  Roach  
  104  7:10  Drone  
  104  7:13  Overlord x2  
  105  7:21  Overlord  
  105  7:22  Overlord x2  
  105  7:28  Evolution Chamber  
  104  7:30  Infestation Pit  
  103  7:44  Hydralisk x8  
  103  7:50  Zerg Ground Armor Level 1  
  119  7:54  Zerg Missile Weapons Level 2, Hatchery  
  119  7:58  Hydralisk x8  
  118  8:03  Overseer  
  134  8:07  Drone x3  
  134  8:08  Drone x2  
  134  8:11  Muscular Augments, Hydralisk x2  
  143  8:17  Hive  
  143  8:18  Lurker Den  
  143  8:19  Drone  
  144  8:20  Drone x4  
  144  8:22  Hydralisk  
  149  8:31  Hydralisk  
  151  8:50  Overlord x5  
  151  9:16  Hydralisk x16  
  151  9:17  Hydralisk, Extractor  
  167  9:21  Extractor  
  183  9:33  Extractor  
  182  9:42  Lurker x3  
  185  9:59  Hydralisk x2  
  187  10:00  Overlord x2  
  187  10:04  Lurker x3  
  187  10:06  Lurker  
  193  10:20  Overseer  
  193  10:28  Hydralisk x3  
  191  11:14  Hatchery  
  191  11:15  Lurker x5  
  191  11:16  Lurker x2  
  191  11:17  Hydralisk x8  
  199  11:20  Hydralisk Den  
Tags
 
Add a new tag
Caveats
  • Supply blocks, unpowered buildings, or Contaminate may cause inaccurate times.
  • Supply counts are checked every 10 seconds.